 Seeded DCSS version 0.30.1-9-gdf580d7c3d (webtiles) character file.

Game seed: 7229806256980976716 (custom seed)

152 Psyclone the Magician (level 5, 0/30 (31) HPs)
             Began as an Octopode Venom Mage on Oct 2, 2023.
             Slain by middlethird's ghost (6 damage)
             ... on level 3 of the Dungeon.
             The game lasted 00:07:26 (2648 turns).

Psyclone the Magician (Octopode Venom Mage)         Turns: 2648, Time: 00:07:27

HP:   0/30 (31)     AC:  4    Str:  7    XL:     5   Next: 34%
MP:   5/21          EV: 13    Int: 27    God:
Gold: 138           SH:  0    Dex:  9    Spells: 3/14 levels left

rFire   + . .        a - +3 Elemental Staff {rElec rF+ rC+ AC+3}
rCold   + + +        (no shield)
rNeg    . . .        (helmet restricted)
rPois   +            (no amulet)
rElec   +            e - ring of the Mage {Wiz Archmagi}
rCorr   .            f - ring "Yjoxom" {Contam rPois rC++ MP+9 Int+8 Dex-4}
SInv    .            (no ring)
Will    .....        (no ring)
Stlth   +++          (no ring)
HPRegen 0.25/turn    (no ring)
MPRegen 0.17/turn    (no ring)
                     (no ring)

%: wizardry (x1), archmagi
@: very slightly contaminated, lightly drained
A: almost no armour, amphibious, 8 rings, camouflage 1, gelatinous body 1,
(nimble swimmer 1), tentacles
a: no special abilities


You were on level 3 of the Dungeon.
You visited 1 branch of the dungeon, and saw 3 of its levels.

You collected 138 gold pieces.

Inventory:

Hand Weapons
 a - the +3 Elemental Staff (weapon) {rElec rF+ rC+ AC+3}
   (You acquired it on level 1 of the Dungeon)

   It enhances your fire, ice, earth and air magic.
   AC:        It affects your AC (+3).
   rF:        It protects you from fire.
   rC:        It protects you from cold.
   rElec:     It insulates you from electricity.
Missiles
 k - a throwing net {!f}
Jewellery
 e - the ring of the Mage (left tentacle) {Wiz Archmagi}
   (You acquired it on level 1 of the Dungeon)

   [ring of wizardry]

   It improves your spell success rate.
   Archmagi:  It increases the power of your magical spells.
 f - the ring "Yjoxom" (right tentacle) {Contam rPois rC++ MP+9 Int+8 Dex-4}
   (You acquired it on level 1 of the Dungeon)

   [ring of magical power]

   Int:       It affects your intelligence (+8).
   Dex:       It affects your dexterity (-4).
   rC:        It greatly protects you from cold.
   rPois:     It protects you from poison.
   MP:        It affects your magic capacity (+9).
   Contam:    It causes magical contamination when unequipped.
Scrolls
 b - 2 scrolls of amnesia
 h - a scroll of enchant armour {unknown}
 j - 2 scrolls of blinking {unknown}
 l - 4 scrolls of identify {unknown}
 p - a scroll of poison {unknown}
Potions
 c - a potion of magic
 g - a potion of might {unknown}
 i - 2 potions of mutation {unknown}
 m - 2 potions of curing {unknown}
 n - 2 potions of brilliance {unknown}
 o - a potion of invisibility {unknown}


   Skills:
 - Level 2.0 Dodging
 - Level 2.6 Stealth
 + Level 5.0 Spellcasting
 - Level 1.0 Transmutations
 - Level 3.6 Poison Magic


You had 3 spell levels left.
You knew the following spells:

 Your Spells              Type           Power      Damage    Failure   Level
a - Poisonous Vapours     Pois/Air       74%        N/A       2%          2
b - Dispel Undead         Necr           10%        3d9       26%         4
v - Sting                 Tmut/Pois      100%       1d8       1%          1
x - Olgreb's Toxic Radia  Pois           39%        N/A       6%          4

Your spell library contained the following spells:

 Spells                   Type           Power      Damage    Failure   Level
 Cigotuvi's Dreadful Rot  Necr/Pois/Air  58%        N/A       2%          2
 Mephitic Cloud           Conj/Pois/Air  29%        N/A       5%          3
 Freezing Cloud           Conj/Ice/Air   11%        6-21      58%         5
 Death Channel            Necr           5%         N/A       98%         6


Dungeon Overview and Level Annotations

Branches:
Dungeon (3/15) Zot: 15327

Altars:
Zin

Annotations:
D:3 middlethird's ghost, amateur FoNe


Innate Abilities, Weirdness & Mutations

You cannot wear most types of armour.
You are amphibious.
You can wear up to eight rings at the same time.
Your skin changes colour to match your surroundings (Stealth+).
Your rubbery body absorbs attacks. (AC +1, EV +1)
((You are camouflaged when in or above water. (Stealth+)))
You have tentacles for arms and can constrict up to eight enemies at once.


Message History

Confirm with . or Enter, or press ? or * to list all spells.
The spell is extremely dangerous to miscast (26% risk of failure)!
Continue anyway?
Aiming: Dispel Undead (extremely dangerous; 26% risk of failure)
Press: ? - help, Shift-Dir - straight line, f - middlethird's ghost
Aim: middlethird's ghost, wielding a weapon of flaming (100% to hit)
You feel a surge of power!
Middlethird's ghost is dispelled!!
Middlethird's ghost draws life force from you.
Middlethird's ghost is healed by the life force!
You take 5 damage, and have 26/31 hp.
You now have 17/21 mp.
Casting: Dispel Undead (extremely dangerous; 26% risk of failure)
Confirm with . or Enter, or press ? or * to list all spells.
The spell is extremely dangerous to miscast (26% risk of failure)!
Continue anyway?
Aiming: Dispel Undead (extremely dangerous; 26% risk of failure)
Press: ? - help, Shift-Dir - straight line, f/p - middlethird's ghost
Aim: middlethird's ghost, wielding a weapon of flaming (moderately damaged, 100% to hit)
You feel a surge of power!
You miscast Dispel Undead.
You are very lightly contaminated with residual magic.
You convulse helplessly as pain tears through your body!
You feel drained. Middlethird's ghost closely misses you.
You take 12 damage, and have 14/30 hp.
MASSIVE DAMAGE!!
You now have 13/21 mp.
Casting: Dispel Undead (extremely dangerous; 26% risk of failure)
Confirm with . or Enter, or press ? or * to list all spells.
The spell is extremely dangerous to miscast (26% risk of failure)!
Continue anyway?
Aiming: Dispel Undead (extremely dangerous; 26% risk of failure)
Press: ? - help, Shift-Dir - straight line, f/p - middlethird's ghost
Aim: middlethird's ghost, wielding a weapon of flaming (moderately damaged, 100% to hit)
You feel a surge of power!
Middlethird's ghost is dispelled!
Middlethird's ghost draws life force from you!
* * * LOW HITPOINT WARNING * * *
Middlethird's ghost is healed by the life force!
You take 8 damage, and have 6/30 hp.
MASSIVE DAMAGE!!
You now have 9/21 mp.
Casting: Dispel Undead (extremely dangerous; 26% risk of failure)
Confirm with . or Enter, or press ? or * to list all spells.
The spell is extremely dangerous to miscast (26% risk of failure)!
Continue anyway?
Aiming: Dispel Undead (extremely dangerous; 26% risk of failure)
Press: ? - help, Shift-Dir - straight line, f/p - middlethird's ghost
Aim: middlethird's ghost, wielding a weapon of flaming (severely damaged, 100% to hit)
You feel a surge of power!
You miscast Dispel Undead.
Nothing appears to happen.
Middlethird's ghost hits you.
You die...

#............#
####..###
#............#
#.....#
#............##
#.##.<#
##............#
#.##..#
##....#...##.###
###.##..## ##
####.######...#
##...##...# .# #..#
###.###..###..#.# .#
##.# #W##..####.##.#
.## #.# #@##.##
#..##.## ..### #.#
###.##.####.###..#
#...## #.#
#...........# ##.#
###..# #.#
#..........## #.#
##.# #.# #..........#
#.# #.# #.#
#........).#####.###
#.###.#
#..........#........
#..##.#
##...................
##.##.#
#....................


You could see middlethird's ghost.

Vanquished Creatures
  A jelly (D:2)
  4 adders (D:2)
  An ufetubus (D:3)
  3 worms
  4 endoplasms
  5 giant cockroaches
  2 goblins
  5 hobgoblins
  20 jackals
  4 quokkas
  6 ball pythons
  5 bats
  A frilled lizard (D:1)
  4 rats
65 creatures vanquished.

Notes
Turn   | Place    | Note
-------+----------+-------------------------------------------
     0 | D:1      | Psyclone the Octopode Venom Mage began the quest for the
                  | Orb.
     0 | D:1      | Reached XP level 1. HP: 11/11 MP: 3/3
    80 | D:1      | Identified 3 scrolls of acquirement
    80 | D:1      | Acquired the ring of the Mage {Wiz Archmagi}
    80 | D:1      | Found the ring of the Mage {Wiz Archmagi}
    86 | D:1      | Acquired the ring "Yjoxom" {Contam rPois rC++ MP+9 Int+8
                  | Dex-4}
   207 | D:1      | Acquired the +3 Elemental Staff {rElec rF+ rC+ AC+3}
   207 | D:1      | Found the +3 Elemental Staff {rElec rF+ rC+ AC+3}
   367 | D:1      | Reached XP level 2. HP: 17/17 MP: 5/5
   376 | D:1      | Learned a level 2 spell: Poisonous Vapours
   428 | D:1      | Reached skill level 3 in Spellcasting
   800 | D:1      | Reached XP level 3. HP: 21/21 MP: 7/7
  1367 | D:2      | Reached skill level 4 in Spellcasting
  1367 | D:2      | Reached XP level 4. HP: 27/27 MP: 10/10
  1816 | D:2      | Reached XP level 5. HP: 24/31 MP: 12/12
  2158 | D:3      | Found a runed translucent gate.
  2158 | D:3      | Found a runed translucent gate.
  2158 | D:3      | Found a runed translucent gate.
  2408 | D:3      | Found a glowing silver altar of Zin.
  2479 | D:3      | Reached skill level 5 in Spellcasting
  2559 | D:3      | Noticed middlethird's ghost (amateur FoNe)
  2599 | D:3      | Learned a level 4 spell: Dispel Undead
  2604 | D:3      | Learned a level 4 spell: Olgreb's Toxic Radiance
  2648 | D:3      | Slain by middlethird's ghost

Illustrated notes

Levels and vault maps discovered:
D:1:      spicycebolla_arrival_ecumenical, layout_loops_ring
D:2:      layout_basic
D:3:      layout_rooms, mainiacjoe_overflow_paths, gammafunk_ghost_necromancy

Skill      XL: |  1  2  3  4  5 |
---------------+----------------+-----
Spellcasting   | 3 4 5 |  5.0
Dodging        | |  2.0
Stealth        | |  2.6
Transmutations | |  1.0
Poison Magic   | |  3.6

Action                     |  1- 3 |  4- 6 || total
---------------------------+-------+-------++-------
  Melee: Staff             |    64 |    63 ||   127
         Constrict         |    15 |    12 ||    27
         Tentacles         |     7 |    16 ||    23
   Cast: Poisonous Vapours |    15 |    11 ||    26
         Sting             |     4 |       ||     4
         Dispel Undead     |       |     2 ||     2
    Use: Scroll            |     3 |     2 ||     5
   Stab: Sleeping          |     3 |     4 ||     7
 Armour: Skin              |    31 |    28 ||    59
  Dodge: Dodged            |    75 |    68 ||   143
